| TOP OF THE 1ST |
|
Memphis Redbirds batting - Pitching for Louisville Bats : RHP Jeremy Thomsen
|
|
Pitching: RHP Jeremy Thomsen
|
|
|
Batting: LHB Tom Butterbaugh
|
0-0: Foul Ball, location: 2F 0-1: Foul Ball, location: 2F 0-2: Ball 1-2: Ground out 4-3 (Groundball, 4, EV 78.1 MPH)
|
|
Batting: SHB Luke Robbins
|
0-0: Called Strike 0-1: Foul Ball, location: 2F 0-2: Ball 1-2: Foul Ball, location: 2F 1-2: Ball 2-2: Fly out, F8 (Line Drive, 8LM, EV 86.9 MPH)
|
|
Batting: RHB Eric Chotkowski
|
0-0: Ball 1-0: Fly out, F1 (Line Drive, P, EV 68.1 MPH)
|
| Top of the 1st over - 0 runs, 0 hits, 0 errors, 0 left on base; Memphis 0 - Louisville 0 |
| BOTTOM OF THE 1ST |
|
Louisville Bats batting - Pitching for Memphis Redbirds : LHP Nate Crow
|
|
Pitching: LHP Nate Crow
|
|
|
Batting: RHB Willie Lazcano
|
0-0: Called Strike 0-1: Called Strike 0-2: Strikes out swinging
|
|
Batting: RHB Chase Briney
|
0-0: Ball 1-0: Ball 2-0: Swinging Strike 2-1: Swinging Strike 2-2: Strikes out swinging
|
|
Batting: SHB Freddie Farrar
|
0-0: Ball 1-0: Fly out, F7 (Flyball, 78D, EV 92.5 MPH)
|
| Bottom of the 1st over - 0 runs, 0 hits, 0 errors, 0 left on base; Memphis 0 - Louisville 0 |
| TOP OF THE 2ND |
|
Memphis Redbirds batting - Pitching for Louisville Bats : RHP Jeremy Thomsen
|
|
Batting: LHB Tim Olsen
|
0-0: Ball 1-0: Called Strike 1-1: Ball 2-1: Foul Ball, location: 2F 2-2: Foul Ball, location: 2F 2-2: Ball 3-2: Foul Ball, location: 2F 3-2: Ground out U3 (Groundball, 3S, EV 76.9 MPH)
|
|
Batting: LHB Jesus Ramirez
|
0-0: Ball 1-0: Swinging Strike 1-1: Foul Ball, location: 2F 1-2: Ball 2-2: Strikes out swinging
|
|
Batting: RHB Roberto Lemus
|
0-0: Called Strike 0-1: Ball 1-1: Ground out 6-3 (Groundball, 6MD, EV 89.4 MPH)
|
| Top of the 2nd over - 0 runs, 0 hits, 0 errors, 0 left on base; Memphis 0 - Louisville 0 |
| BOTTOM OF THE 2ND |
|
Louisville Bats batting - Pitching for Memphis Redbirds : LHP Nate Crow
|
|
Batting: LHB Randy Racine
|
0-0: Ground out 4-3 (Groundball, 4, EV 90.6 MPH)
|
|
Batting: SHB Tim Utz
|
0-0: Swinging Strike 0-1: Fly out, F8 (Flyball, 89D, EV 102.5 MPH)
|
|
Batting: RHB Chris Zamora
|
0-0: Ball 1-0: Called Strike 1-1: Ball 2-1: Foul Ball, location: 2F 2-2: Strikes out swinging
|
| Bottom of the 2nd over - 0 runs, 0 hits, 0 errors, 0 left on base; Memphis 0 - Louisville 0 |
| TOP OF THE 3RD |
|
Memphis Redbirds batting - Pitching for Louisville Bats : RHP Jeremy Thomsen
|
|
Batting: RHB Colin Boddy
|
0-0: Called Strike 0-1: SINGLE (Line Drive, 4D, EV 105.0 MPH)
|
|
Batting: RHB Nick Getz
|
0-0: Foul Ball, location: 2F 0-1: Ball 1-1: Called Strike 1-2: Ball 2-2: Ball 3-2: Base on Balls Colin Boddy to second
|
|
Batting: RHB Tony Mendez
|
0-0: Ball 1-0: Fly out, F8 (Flyball, 89M, EV 96.2 MPH)
|
|
Batting: LHB Tom Butterbaugh
|
0-0: Swinging Strike 0-1: Ball 1-1: Ball 2-1: Called Strike 2-2: Ball 3-2: Foul Ball, location: 2F 3-2: Fielders Choice at 2nd, 1-4 (Groundball, 15S, EV 71.9 MPH) Colin Boddy to third
|
|
Batting: SHB Luke Robbins
|
0-0: Called Strike 0-1: Ball Wild Pitch! Colin Boddy scores Tom Butterbaugh to second 1-1: Foul Ball, location: 2F 1-2: Fly out, F9 (Flyball, 9, EV 90.0 MPH)
|
| Top of the 3rd over - 1 run, 1 hit, 0 errors, 1 left on base; Memphis 1 - Louisville 0 |
| BOTTOM OF THE 3RD |
|
Louisville Bats batting - Pitching for Memphis Redbirds : LHP Nate Crow
|
|
Batting: RHB Estanislau Gosendes
|
0-0: Ball 1-0: Called Strike 1-1: Ball 2-1: Foul Ball, location: 2F 2-2: Ball 3-2: Strikes out swinging
|
|
Batting: RHB Gerald de Vries
|
0-0: Swinging Strike 0-1: Foul Ball, location: 2F 0-2: Strikes out swinging
|
|
Batting: RHB Casey Truax
|
0-0: Foul Ball, location: 2F 0-1: Foul Ball, location: 2F 0-2: Ball 1-2: Strikes out swinging, 2-3 out at first.
|
| Bottom of the 3rd over - 0 runs, 0 hits, 0 errors, 0 left on base; Memphis 1 - Louisville 0 |
| TOP OF THE 4TH |
|
Memphis Redbirds batting - Pitching for Louisville Bats : RHP Jeremy Thomsen
|
|
Batting: RHB Eric Chotkowski
|
0-0: Ball 1-0: Ground out 4-3 (Groundball, 4, EV 78.1 MPH)
|
|
Batting: LHB Tim Olsen
|
0-0: Foul Ball, location: 2F 0-1: Ball 1-1: Called Strike 1-2: Foul Ball, location: 2F 1-2: Ground out 4-3 (Groundball, 4, EV 106.2 MPH)
|
|
Batting: LHB Jesus Ramirez
|
0-0: Ball 1-0: Ball 2-0: Ground out 4-3 (Groundball, 13, EV 81.2 MPH)
|
| Top of the 4th over - 0 runs, 0 hits, 0 errors, 0 left on base; Memphis 1 - Louisville 0 |
| BOTTOM OF THE 4TH |
|
Louisville Bats batting - Pitching for Memphis Redbirds : LHP Nate Crow
|
|
Batting: RHB Willie Lazcano
|
0-0: Ball 1-0: Swinging Strike 1-1: Foul Ball, location: 2F 1-2: Fly out, F9 (Line Drive, 9, EV 96.9 MPH)
|
|
Batting: RHB Chase Briney
|
0-0: Called Strike 0-1: Ball 1-1: SINGLE (Flyball, 7LM, EV 96.2 MPH)
|
|
Batting: SHB Freddie Farrar
|
0-0: Called Strike 0-1: Foul Ball, location: 2F 0-2: Strikes out swinging
|
|
Batting: LHB Randy Racine
|
0-0: Ball 1-0: Ball 2-0: Foul Ball, location: 2F 2-1: Swinging Strike 2-2: Ball 3-2: Base on Balls Chase Briney to second
|
|
Batting: SHB Tim Utz
|
0-0: Fly out, F4 (Flyball, 4D, EV 83.8 MPH)
|
| Bottom of the 4th over - 0 runs, 1 hit, 0 errors, 2 left on base; Memphis 1 - Louisville 0 |
| TOP OF THE 5TH |
|
Memphis Redbirds batting - Pitching for Louisville Bats : RHP Jeremy Thomsen
|
|
Batting: RHB Roberto Lemus
|
0-0: Ball 1-0: Foul Ball, location: 2F 1-1: Foul Ball, location: 2F 1-2: SINGLE (Line Drive, 78S, EV 111.9 MPH)
|
|
Batting: RHB Colin Boddy
|
0-0: Ball 1-0: Ball 2-0: Called Strike 2-1: Fly out, F9 (Flyball, 9LD, EV 100.0 MPH)
|
|
Batting: RHB Nick Getz
|
0-0: Called Strike 0-1: Ball Roberto Lemus steals 2nd base 1-1: Ball Roberto Lemus steals 3rd base 2-1: Foul Ball, location: 2F 2-2: Fly out, F7 (Line Drive, 7, EV 85.6 MPH) Runner from 3rd tags up, SCORES, throw by LF
|
|
Batting: RHB Tony Mendez
|
0-0: Ground out 1-3 (Groundball, 15S, EV 74.4 MPH)
|
| Top of the 5th over - 1 run, 1 hit, 0 errors, 0 left on base; Memphis 2 - Louisville 0 |
| BOTTOM OF THE 5TH |
|
Louisville Bats batting - Pitching for Memphis Redbirds : LHP Nate Crow
|
|
Batting: RHB Chris Zamora
|
0-0: Ball 1-0: Called Strike 1-1: Hit by Pitch
|
|
Batting: RHB Estanislau Gosendes
|
0-0: Ball 1-0: Ball 2-0: Ball 3-0: Swinging Strike 3-1: Foul Ball, location: 2F 3-2: Strikes out swinging
|
|
Batting: RHB Gerald de Vries
|
0-0: Fielders Choice at 2nd, 4-6 (Groundball, 4, EV 83.1 MPH)
|
|
Batting: RHB Casey Truax
|
0-0: Fielders Choice at 2nd, 6-4 (Groundball, 6, EV 88.8 MPH)
|
| Bottom of the 5th over - 0 runs, 0 hits, 0 errors, 1 left on base; Memphis 2 - Louisville 0 |
| TOP OF THE 6TH |
|
Memphis Redbirds batting - Pitching for Louisville Bats : RHP Jeremy Thomsen
|
|
Batting: LHB Tom Butterbaugh
|
0-0: Foul Ball, location: 2F 0-1: Called Strike 0-2: Ball 1-2: Ball 2-2: Ball 3-2: Base on Balls
|
|
Batting: SHB Luke Robbins
|
0-0: Called Strike 0-1: Ball 1-1: Ball 2-1: Called Strike 2-2: Fly out, F9 (Flyball, 9D, EV 90.6 MPH)
|
|
Batting: RHB Eric Chotkowski
|
0-0: Ball 1-0: Foul Ball, location: 2F 1-1: Fielders Choice at 2nd, 6-4 (Groundball, 6, EV 86.2 MPH)
|
|
Batting: LHB Tim Olsen
|
0-0: Ground out U3 (Groundball, 34S, EV 76.9 MPH)
|
| Top of the 6th over - 0 runs, 0 hits, 0 errors, 1 left on base; Memphis 2 - Louisville 0 |
| BOTTOM OF THE 6TH |
|
Louisville Bats batting - Pitching for Memphis Redbirds : LHP Nate Crow
|
|
Batting: RHB Willie Lazcano
|
0-0: Called Strike 0-1: Fly out, F8 (Flyball, 89D, EV 105.6 MPH)
|
|
Batting: RHB Chase Briney
|
0-0: Ball 1-0: Swinging Strike 1-1: Ball 2-1: Ball 3-1: SINGLE (Groundball, 56D, EV 95.0 MPH)
|
|
Batting: SHB Freddie Farrar
|
0-0: Ball 1-0: Ball 2-0: Ball 3-0: Grounds into double play, 6-4-3 (Groundball, 6, EV 108.1 MPH)
|
| Bottom of the 6th over - 0 runs, 1 hit, 0 errors, 0 left on base; Memphis 2 - Louisville 0 |
| TOP OF THE 7TH |
|
Memphis Redbirds batting - Pitching for Louisville Bats : RHP Jeremy Thomsen
|
|
Batting: LHB Jesus Ramirez
|
0-0: Called Strike 0-1: Called Strike 0-2: Strikes out swinging
|
|
Batting: RHB Roberto Lemus
|
0-0: Ball 1-0: Ball 2-0: Ball 3-0: Base on Balls
|
|
Batting: RHB Colin Boddy
|
0-0: Ball 1-0: Called Strike 1-1: Ball 2-1: Ground out 5-3 (Groundball, 56S, EV 58.8 MPH) Roberto Lemus to second
|
|
Batting: RHB Nick Getz
|
0-0: Ball 1-0: Ball 2-0: Foul Ball, location: 2F 2-1: Called Strike 2-2: Ground out 6-3 (Groundball, 6, EV 81.9 MPH)
|
| Top of the 7th over - 0 runs, 0 hits, 0 errors, 1 left on base; Memphis 2 - Louisville 0 |
| BOTTOM OF THE 7TH |
|
Louisville Bats batting - Pitching for Memphis Redbirds : LHP Nate Crow
|
|
Batting: LHB Randy Racine
|
0-0: Ball 1-0: DOUBLE (Groundball, 3L, EV 96.2 MPH)
|
|
Batting: SHB Tim Utz
|
0-0: Swinging Strike 0-1: Foul Ball, location: 2F 0-2: Strikes out swinging
|
|
Batting: RHB Chris Zamora
|
0-0: Ball 1-0: Ground out 5-3 (Groundball, 56, EV 86.2 MPH)
|
|
Batting: RHB Estanislau Gosendes
|
0-0: Called Strike 0-1: Ball Wild Pitch! Randy Racine to third 1-1: Ball 2-1: Swinging Strike 2-2: Ball 3-2: Strikes out swinging
|
| Bottom of the 7th over - 0 runs, 1 hit, 0 errors, 1 left on base; Memphis 2 - Louisville 0 |
| TOP OF THE 8TH |
|
Memphis Redbirds batting - Pitching for Louisville Bats : RHP Jeremy Thomsen
|
|
Pitching: LHP Logan Moultry
|
|
|
Batting: RHB Tony Mendez
|
0-0: Ball 1-0: DOUBLE (Flyball, 89D, EV 94.4 MPH)
|
|
Batting: LHB Tom Butterbaugh
|
0-0: Swinging Strike 0-1: Swinging Strike 0-2: Foul Ball, location: 2F 0-2: Ball 1-2: Ball 2-2: Foul Ball, location: 2F 2-2: Foul Ball, location: 2F 2-2: Ball 3-2: Foul Ball, location: 2F 3-2: Foul Ball, location: 2F 3-2: Base on Balls
|
|
Batting: SHB Luke Robbins
|
0-0: Bunted foul 0-1: Bunt missed! 0-2: Strikes out looking
|
|
Batting: RHB Eric Chotkowski
|
0-0: Ball 1-0: Called Strike Tony Mendez steals 3rd base 1-1: Ball 2-1: Ball 3-1: Base on Balls Tom Butterbaugh to second
|
|
Pinch Hitting: RHB Josh Hoeye
|
0-0: Called Strike 0-1: Called Strike 0-2: Ball 1-2: Ball 2-2: Foul Ball, location: 2F 2-2: Foul Ball, location: 2F 2-2: Ball 3-2: Foul Ball, location: 2F 3-2: Foul Ball, location: 2F 3-2: Base on Balls Tony Mendez scores Tom Butterbaugh to third Eric Chotkowski to second
|
|
Batting: SHB Quido van Erp
|
0-0: Foul Ball, location: 2F 0-1: Foul Ball, location: 2F 0-2: Strikes out swinging
|
|
Pitching: LHP Omar Guardado
|
|
|
Batting: RHB Roberto Lemus
|
0-0: Ball 1-0: Fly out, F9 (Flyball, 9LM, EV 86.2 MPH)
|
| Top of the 8th over - 1 run, 1 hit, 0 errors, 3 left on base; Memphis 3 - Louisville 0 |
| BOTTOM OF THE 8TH |
|
Louisville Bats batting - Pitching for Memphis Redbirds : LHP Nate Crow
|
|
Now in CF: Melvin Salgado
|
|
|
Batting: RHB Gerald de Vries
|
0-0: Called Strike 0-1: Ball 1-1: Swinging Strike 1-2: Strikes out swinging
|
|
Batting: RHB Casey Truax
|
0-0: Called Strike 0-1: SINGLE (Groundball, 6MD, EV 106.9 MPH)
|
|
Batting: RHB Willie Lazcano
|
0-0: Ball 1-0: Ball 2-0: Foul Ball, location: 2F 2-1: Ball 3-1: DOUBLE (Line Drive, 7LD, EV 101.9 MPH) Casey Truax to third
|
|
Batting: RHB Chase Briney
|
0-0: Ball 1-0: Ball 2-0: Ball Wild Pitch! Casey Truax scores Willie Lazcano to third 3-0: Base on Balls
|
|
Pitching: RHP Yasushi Osumi
|
|
|
Batting: SHB Freddie Farrar
|
0-0: SINGLE (Line Drive, 8LM, EV 98.8 MPH) Willie Lazcano scores Chase Briney to second
|
|
Pitching: LHP Paul Gill
|
|
|
Batting: LHB Randy Racine
|
0-0: Called Strike 0-1: Ball 1-1: Ball 2-1: Called Strike 2-2: Fly out, F9 (Line Drive, 9, EV 91.9 MPH)
|
|
Batting: SHB Tim Utz
|
0-0: Called Strike 0-1: Ball 1-1: Ball 2-1: Swinging Strike 2-2: Strikes out swinging
|
| Bottom of the 8th over - 2 runs, 3 hits, 0 errors, 2 left on base; Memphis 3 - Louisville 2 |
| TOP OF THE 9TH |
|
Memphis Redbirds batting - Pitching for Louisville Bats : LHP Omar Guardado
|
|
Batting: RHB Colin Boddy
|
0-0: Ball 1-0: SINGLE (Line Drive, 8RM, EV 95.6 MPH)
|
|
Batting: RHB Nick Getz
|
0-0: Ball 1-0: Swinging Strike 1-1: Foul Ball, location: 2F 1-2: Ball 2-2: Ball 3-2: Fly out, F3 (Popup, 3SF, EV 70.6 MPH)
|
|
Batting: RHB Tony Mendez
|
0-0: Foul Ball, location: 2F 0-1: Called Strike 0-2: Ball 1-2: Ball 2-2: Foul Ball, location: 2F 2-2: Strikes out swinging
|
|
Batting: LHB Tom Butterbaugh
|
0-0: Ball 1-0: Ball 2-0: Foul Ball, location: 2F 2-1: Ball 3-1: Foul Ball, location: 2F 3-2: SINGLE (Line Drive, 8LS, EV 94.4 MPH) Colin Boddy to second Colin Boddy to third
|
|
Batting: SHB Luke Robbins
|
0-0: Fly out, F9 (Flyball, 9D, EV 105.0 MPH)
|
| Top of the 9th over - 0 runs, 2 hits, 0 errors, 2 left on base; Memphis 3 - Louisville 2 |
| BOTTOM OF THE 9TH |
|
Louisville Bats batting - Pitching for Memphis Redbirds : LHP Paul Gill
|
|
Pitching: RHP Rodolfo Mendez
|
|
|
Batting: RHB Chris Zamora
|
0-0: Ball 1-0: Foul Ball, location: 2F 1-1: Called Strike 1-2: Ground out 4-3 (Groundball, 34S, EV 82.5 MPH)
|
|
Batting: RHB Estanislau Gosendes
|
0-0: Swinging Strike 0-1: Ball 1-1: Ball 2-1: Swinging Strike 2-2: Ball 3-2: Base on Balls
|
|
Pinch Hitting: SHB Paul Sandoval
|
0-0: Foul Ball, location: 2F 0-1: Foul Ball, location: 2F 0-2: Strikes out swinging
|
|
Pinch Hitting: RHB Jason Harris
|
0-0: Called Strike 0-1: SINGLE (Flyball, 89D, EV 96.9 MPH) Estanislau Gosendes to second Runner from 2nd tries for 3rd, SAFE, throw by CF made to third
|
|
Batting: RHB Willie Lazcano
|
0-0: Ball Wild Pitch! Estanislau Gosendes scores Jason Harris to second 1-0: Intentional Walk
|
|
Batting: RHB Chase Briney
|
0-0: Foul Ball, location: 2F 0-1: Ball 1-1: Ball 2-1: Ball 3-1: Fielders Choice at 2nd, 5-4 (Groundball, 5, EV 87.5 MPH)
|
| Bottom of the 9th over - 1 run, 1 hit, 0 errors, 2 left on base; Memphis 3 - Louisville 3 |
| TOP OF THE 10TH |
|
Memphis Redbirds batting - Pitching for Louisville Bats : LHP Omar Guardado
|
|
Pitching: LHP Matt Walton
|
|
|
Now at SS: Paul Sandoval
|
|
|
Now in LF: Randy Racine
|
|
|
Now in CF: Danny Real
|
|
|
Batting: RHB Eric Chotkowski
|
0-0: TRIPLE (Line Drive, 9D, EV 107.5 MPH)
|
|
Batting: LHB Melvin Salgado
|
0-0: Called Strike 0-1: Called Strike 0-2: Ground out 3-1 (Groundball, 3L, EV 91.9 MPH)
|
|
Batting: SHB Quido van Erp
|
0-0: Called Strike 0-1: Ball 1-1: Swinging Strike 1-2: 2-RUN HOME RUN (Flyball, 7D, EV 96.9 MPH), Distance : 358 ft
|
|
Batting: RHB Roberto Lemus
|
0-0: Called Strike 0-1: Foul Ball, location: 2F 0-2: Foul Ball, location: 2F 0-2: Ball 1-2: DOUBLE (Line Drive, 8LD, EV 91.9 MPH)
|
|
Batting: RHB Colin Boddy
|
0-0: Foul Ball, location: 2F 0-1: Foul Ball, location: 2F 0-2: DOUBLE (Line Drive, 89M, EV 96.2 MPH) Roberto Lemus scores
|
|
Batting: RHB Nick Getz
|
0-0: Called Strike 0-1: Ball 1-1: Fly out, F8 (Flyball, 8RD, EV 95.0 MPH)
|
|
Batting: RHB Tony Mendez
|
0-0: Called Strike 0-1: Ball 1-1: Foul Ball, location: 2F 1-2: Foul Ball, location: 2F 1-2: Foul Ball, location: 2F 1-2: Strikes out looking
|
| Top of the 10th over - 3 runs, 4 hits, 0 errors, 1 left on base; Memphis 6 - Louisville 3 |
| BOTTOM OF THE 10TH |
|
Louisville Bats batting - Pitching for Memphis Redbirds : RHP Rodolfo Mendez
|
|
Pitching: RHP Alex Schmitz
|
|
|
Batting: SHB Freddie Farrar
|
0-0: Ball 1-0: Ball 2-0: Swinging Strike 2-1: Ball 3-1: Base on Balls
|
|
Batting: LHB Randy Racine
|
0-0: SINGLE (Flyball, 6D, EV 91.9 MPH) Freddie Farrar to second
|
|
Batting: SHB Tim Utz
|
0-0: Called Strike 0-1: Foul Ball, location: 9LSF, Error on foul ball, E9 0-2: Ball 1-2: Foul Ball, location: 2F 1-2: Fly out, F8 (Flyball, 8LD, EV 80.6 MPH)
|
|
Batting: RHB Chris Zamora
|
0-0: Called Strike 0-1: Ball 1-1: Ball 2-1: Foul Ball, location: 2F 2-2: Ball 3-2: Foul Ball, location: 2F 3-2: Foul Ball, location: 2F 3-2: Foul Ball, location: 2F 3-2: SINGLE (Groundball, 4M, EV 94.4 MPH) Freddie Farrar to third Randy Racine to second
|
|
Batting: RHB Estanislau Gosendes
|
0-0: Fly out, F8 (Flyball, 8LD, EV 100.6 MPH) Runner from 3rd tags up, SCORES, no throw by CF
|
|
Batting: SHB Paul Sandoval
|
0-0: Swinging Strike 0-1: Ball 1-1: Foul Ball, location: 2F 1-2: Strikes out swinging
|
| Bottom of the 10th over - 1 run, 2 hits, 1 error, 2 left on base; Memphis 6 - Louisville 4 |
|